 Dungeon Crawl Stone Soup version 0.29-a0-323-g050149af67 (webtiles) character file.

Game seed: 10954702577949726105

10044 ImHallYall the Protected (level 11, -10/73 HPs)
             Began as a Demonspawn Gladiator on Apr 11, 2022.
             Was a High Priest of Hepliaklqana.
             Killed from afar by a gargoyle (27 damage)
             ... with a stone arrow
             ... on level 11 of the Dungeon.
             The game lasted 00:32:01 (11535 turns).

ImHallYall the Protected (Demonspawn Gladiator)    Turns: 11535, Time: 00:32:01

Health: -10/73     AC: 23    Str: 17    XL:     11   Next: 31%
Magic:  13/13      EV: 12    Int: 10    God:    Hepliaklqana [*****.]
Gold:   705        SH:  0    Dex: 16    Spells: 8/12 levels left

rFire   . . .      SeeInvis .   K - +6 great sword
rCold   . . .      Faith    +   (shield currently unavailable)
rNeg    . . .      Spirit   .   m - +1 scale mail
rPois   .          Reflect  .   c - +0 helmet
rElec   .          Harm     .   I - +0 cloak
rCorr   .          Rampage  +   w - +2 pair of gloves
Will    .....                   r - +1 pair of boots {rampage}
Stlth   +.........              n - amulet of faith
HPRegen 0.22/turn               z - +4 ring of protection
MPRegen 0.13/turn               (no ring)

@: no status effects
A: reduced essence, icy blue scales 1, ignite blood 3, powered by death 2,
weakness stinger 1
a: Renounce Religion, Recall Ancestor, Ancestor Identity, Transference, Idealise


You were on level 11 of the Dungeon.
You worshipped Hepliaklqana.
Hepliaklqana was extremely pleased with you.
You visited 2 branches of the dungeon, and saw 12 of its levels.

You collected 705 gold pieces.

Inventory:

Hand Weapons
 a - a +1 war axe
 f - a +3 dagger of holy wrath
 g - the +4 dagger "Morg" {pain, Will+ Int+5}
   (You found it on level 3 of the Dungeon)

   In the hands of one skilled in necromantic magic, it inflicts extra damage on
   living creatures.
   Int:       It affects your intelligence (+5).
   Will:      It increases your willpower.
 o - a +1 flail of protection
 q - a +1 scythe of holy wrath
 u - a +0 shortbow
 F - a +0 spear of venom
 H - a +4 quarterstaff of chaos
 K - a +6 great sword (weapon)
 L - a +3 falchion
 R - a +0 longbow
 S - a +4 short sword
Missiles
 d - 3 throwing nets
 e - a javelin
 v - 7 boomerangs
Armour
 b - a +0 leather armour
 c - a +0 helmet (worn)
 j - a +0 ring mail
 m - a +1 scale mail (worn)
 r - a +1 pair of boots of rampaging (worn)
 w - a +2 pair of gloves (worn)
 I - a +0 cloak (worn)
 O - a +0 troll leather armour
 Q - a +2 pair of boots of stealth
Magical Staves
 A - a staff of death
Jewellery
 n - an amulet of faith (around neck)
 z - a +4 ring of protection (left hand)
Wands
 s - a wand of flame (10)
 x - a wand of iceblast (6) (quivered)
 y - a wand of acid (8)
 B - a wand of mindburst (9)
 G - a wand of polymorph (7)
 N - a wand of digging (5)
Scrolls
 h - 2 scrolls of immolation
 k - 3 scrolls of identify
 p - 3 scrolls of vulnerability
 t - 2 scrolls of teleportation
 C - a scroll of blinking
 D - 2 scrolls of fog
 E - 4 scrolls of fear
Potions
 i - a potion of haste
 J - a potion of resistance {unknown}
 M - 2 potions of cancellation
 P - a potion of attraction


   Skills:
 + Level 6.3 Fighting
 + Level 2.1(4.5) Short Blades
 + Level 6.3(6.5) Long Blades
 + Level 4.5(6.5) Axes
 + Level 7.3(7.9) Maces & Flails
 + Level 1.9 Throwing
 + Level 8.1 Armour
 + Level 6.4 Dodging
 + Level 3.2 Stealth
 + Level 1.4 Spellcasting
 + Level 0.9 Transmutations
 + Level 0.3 Ice Magic
 + Level 1.6 Poison Magic
 + Level 0.6 Evocations


You had 8 spell levels left.
You knew the following spells:

 Your Spells              Type           Power      Damage    Failure   Level
a - Sting                 Tmut/Pois      12%        1d3       50%         1
b - Ozocubu's Armour      Ice            1%         N/A       95%         3

Your spell library contained the following spells:

 Spells                   Type           Power      Damage    Failure   Level
 Wereblood                Tmut           2%         N/A       67%         2
 Poisonous Vapours        Pois/Air       4%         N/A       71%         2
 Sublimation of Blood     Necr           0%         N/A       82%         2
 Olgreb's Toxic Radiance  Pois           4%         N/A       99%         4
 Leda's Liquefaction      Hex/Erth       0%         N/A       100%        4
 Petrify                  Tmut/Erth      1%         N/A       100%        4
 Irradiate                Conj/Tmut      0%         3d13      100%        5
 Lee's Rapid Deconstruct  Erth           0%         3d5*      100%        5
 Statue Form              Tmut/Erth      0%         N/A       100%        6
 Ozocubu's Refrigeration  Ice            0%         4d5       100%        7
 Summon Hydra             Summ           0%         N/A       100%        7


Dungeon Overview and Level Annotations

Branches:
Dungeon (11/15)            Temple (0/1) D:6            Lair (1/6) D:9
    Orc: D:9-12

Altars:
Ashenzari
Cheibriados
Gozag
Hepliaklqana
Nemelex Xobeh
Ru
Sif Muna
Uskayaw
Vehumet
Yredelemnul
Zin
The Shining One

Shops:
D:2 [


Innate Abilities, Weirdness & Mutations

Your life essence is reduced to manifest your ancestor. (-10% HP)
You are partially covered in icy blue scales. (AC +2)
Your demonic aura causes all spilled blood to erupt in flames.
You regenerate health from kills.
You have a small tail.


Message History

You closely miss the skeletal warrior.
The skeletal warrior is lightly damaged.
The skeletal warrior hits you with a +0 mace.
The skeletal warrior hits you with a +0 short sword.
The skeletal warrior hits you but does no damage.
You slash the skeletal warrior!
The skeletal warrior is lightly damaged.
The skeletal warrior hits you with a +0 mace.
The skeletal warrior hits you with a +0 short sword!!
The skeletal warrior hits you with a +0 scimitar of protection!
The skeletal warrior hits you but does no damage.
The skeletal warrior hits you with a +0 short sword!
* * * LOW HITPOINT WARNING * * *
As you read the scroll of teleportation, it crumbles to dust.
You feel strangely unstable.
The skeletal warrior closely misses you.
The skeletal warrior hits you but does no damage.
The skeletal warrior misses you.
You feel better.
The skeletal warrior hits you with a +0 short sword!
* * * LOW HITPOINT WARNING * * *
The skeletal warrior hits you with a +0 scimitar of protection!
* * * LOW HITPOINT WARNING * * *
The skeletal warrior barely misses you.
You feel better.
Your surroundings suddenly seem different.
A gargoyle comes into view. It is wielding a +0 mace.
Found a stone staircase leading down.
You feel better.
You rampage towards the gargoyle!
The gargoyle hurls a stone arrow at you.
The stone arrow hits you.
* * * LOW HITPOINT WARNING * * *
There is a stone staircase leading down here.
You slice the gargoyle!!
You tail-slap the gargoyle, but do no damage.
The gargoyle is almost destroyed.
The gargoyle hurls a stone arrow at you.
The stone arrow hits you!!
You die...

#...
.......
....
#.. #..
#.# #.#
#.# #.#
#@# #9#
#.# #.#
#.. ###


You could see a gargoyle.

Vanquished Creatures
  A centaur warrior (D:10)
  A deep elf pyromancer (D:9)
  A gargoyle (D:10)
  A troll (D:11)
  A hornet (D:8)
  A basilisk (D:10)
  A wyvern (D:10)
  Eustachio (D:5)
  12 yaks
  2 steam dragons
  4 vampire mosquitoes (D:11)
  3 water moccasins
  A black bear (D:6)
  An ice beast (D:5)
  A sky beast (D:7)
  3 kobold brigands
  5 centaurs
  A phantom (D:7)
  A gnoll sergeant (D:10)
  8 bullfrogs
  A necrophage (D:6)
  6 wights
  Dowan (D:5)
  4 killer bees (D:8)
  2 hounds (D:5)
  A gnoll shaman (D:10)
  2 orc priests
  Crazy Yiuf (D:7)
  3 iguanas
  An orc wizard (D:6)
  5 adders
  5 gnolls
  A worm (D:2)
  A dart slug (D:2)
  13 orcs
  A giant cockroach (D:2)
  3 goblins
  6 hobgoblins
  4 quokkas
  5 ball pythons
  4 bats
  A frilled lizard (D:1)
  7 kobolds
  3 rats
131 creatures vanquished.

Vanquished Creatures (collateral kills)
  The ghost of SBUDELSKY the Cleaver, a novice MiMo of Yredelemnul (D:8)
  A troll (D:10)
  A vampire (D:10)
  Sigmund (D:5)
  2 yaks (D:10)
  Edmund (D:5)
  Duvessa (D:5)
  A water moccasin (D:8)
  An ogre (D:7)
  A phantom (D:5)
  2 scorpions
  A necrophage (D:5)
  5 wights
  2 killer bees (D:8)
  An orc wizard (D:6)
  2 gnolls (D:5)
  2 adders (D:3)
  An ufetubus (D:6)
  8 orcs
  4 kobolds
39 creatures vanquished.

Vanquished Creatures (others)
  A knight (D:11)
  A fungus (D:9)
  8 plants
10 creatures vanquished.

Grand Total: 180 creatures vanquished

Notes
Turn   | Place    | Note
-------+----------+-------------------------------------------
     0 | D:1      | ImHallYall the Demonspawn Gladiator began the quest for the
                  | Orb.
     0 | D:1      | Reached XP level 1. HP: 16/16 MP: 1/1
   713 | D:1      | Gained mutation: Your demonic aura sometimes causes spilled
                  | blood to erupt in flames. [demonic ancestry]
   713 | D:1      | Reached XP level 2. HP: 20/22 MP: 2/2
  1185 | D:2      | Found a faded altar of an unknown god.
  1586 | D:2      | Prayed at the altar of an unknown god.
  1586 | D:2      | Became a worshipper of Hepliaklqana the Forgotten
  1586 | D:2      | Reached * piety under Hepliaklqana
  1627 | D:2      | Gained mutation: You regenerate a little health from kills.
                  | [demonic ancestry]
  1627 | D:2      | Reached XP level 3. HP: 18/24 MP: 3/3
  1778 | D:2      | Learned a level 1 spell: Sting
  1945 | D:2      | Found Vaibis's Armour Emporium.
  2488 | D:3      | Reached skill level 1 in Armour
  2617 | D:3      | Reached ** piety under Hepliaklqana
  2680 | D:3      | Found the +4 dagger "Morg" {pain, Will+ Int+5}
  2792 | D:3      | Reached XP level 4. HP: 22/29 MP: 4/4
  2927 | D:3      | Remembered your ancestor Bryan as a knight
  3567 | D:4      | Noticed a scorpion
  3574 | D:4      | Killed a scorpion
  3575 | D:4      | Reached skill level 2 in Armour
  3575 | D:4      | Reached XP level 5. HP: 24/35 MP: 3/5
  3935 | D:4      | Noticed an ogre
  3936 | D:4      | Noticed a phantom
  3958 | D:5      | Entered Level 5 of the Dungeon
  4065 | D:5      | Noticed Duvessa
  4065 | D:5      | Noticed Dowan
  4081 | D:5      | Killed Duvessa
  4082 | D:5      | Reached skill level 1 in Stealth
  4082 | D:5      | Reached XP level 6. HP: 20/41 MP: 6/6
  4087 | D:5      | Killed Dowan
  4088 | D:5      | Reached skill level 3 in Armour
  4422 | D:5      | Noticed Eustachio
  4474 | D:5      | Killed Eustachio
  4475 | D:5      | Reached skill level 1 in Short Blades
  4475 | D:5      | Gained mutation: Your demonic aura often causes spilled
                  | blood to erupt in flames. [demonic ancestry]
  4475 | D:5      | Reached XP level 7. HP: 15/46 MP: 6/8
  4936 | D:5      | Reached *** piety under Hepliaklqana
  4943 | D:5      | Found a hide-covered altar of Uskayaw.
  4944 | D:5      | Noticed Edmund
  4951 | D:5      | Killed Edmund
  4952 | D:5      | Reached skill level 4 in Armour
  5257 | D:5      | Found an opulent altar of Gozag.
  5385 | D:5      | Reached skill level 1 in Spellcasting
  5769 | D:5      | Noticed Sigmund
  5777 | D:5      | Killed Sigmund
  5778 | D:5      | Reached skill level 1 in Maces & Flails
  5778 | D:5      | Reached skill level 5 in Armour
  5778 | D:5      | Reached skill level 1 in Poison Magic
  5778 | D:5      | Gained mutation: Your demonic aura causes all spilled blood
                  | to erupt in flames. [demonic ancestry]
  5778 | D:5      | Reached XP level 8. HP: 52/52 MP: 9/9
  5821 | D:6      | Found a sparkling altar of Nemelex Xobeh.
  6279 | D:6      | Found a staircase to the Ecumenical Temple.
  6295 | D:6      | Learned a level 3 spell: Ozocubu's Armour
  6694 | D:7      | Gained mutation: You are partially covered in icy blue
                  | scales. (AC +2) [demonic ancestry]
  6694 | D:7      | Reached XP level 9. HP: 58/58 MP: 10/10
  6824 | D:7      | Reached skill level 5 in Maces & Flails
  6929 | D:7      | Reached skill level 6 in Armour
  7065 | D:7      | Found a runed translucent door.
  7066 | D:7      | Noticed Crazy Yiuf
  7071 | D:7      | Killed Crazy Yiuf
  7256 | D:8      | Reached **** piety under Hepliaklqana
  7286 | D:8      | Reached skill level 5 in Dodging
  7300 | D:8      | Reached skill level 5 in Fighting
  7668 | D:8      | Found a sacrificial altar of Ru.
  7713 | D:8      | Reached skill level 7 in Armour
  7866 | D:8      | Gained mutation: You have a small tail. [demonic ancestry]
  7866 | D:8      | Reached XP level 10. HP: 52/64 MP: 12/12
  7883 | D:8      | Found a broken altar of Ashenzari.
  7917 | D:8      | Reached skill level 1 in Long Blades
  8007 | D:8      | Found a runed translucent gate.
  8007 | D:8      | Found a runed translucent gate.
  8007 | D:8      | Found a runed translucent gate.
  8009 | D:8      | Found an opulent altar of Gozag.
  8014 | D:8      | Noticed SBUDELSKY's ghost (novice MiMo)
  8069 | D:8      | Killed SBUDELSKY's ghost
  8620 | D:9      | Noticed a deep elf pyromancer
  8625 | D:9      | Killed a deep elf pyromancer
  8837 | D:9      | Found a staircase to the Lair.
  8849 | Lair:1   | Entered Level 1 of the Lair of Beasts
  8865 | Lair:1   | Noticed a death yak
  8865 | Lair:1   | Noticed an elephant
  8865 | Lair:1   | Noticed an elephant
  9013 | D:9      | Found a radiant altar of Vehumet.
  9013 | D:9      | Found a basalt altar of Yredelemnul.
  9013 | D:9      | Found a shimmering blue altar of Sif Muna.
  9196 | D:9      | Found a snail-covered altar of Cheibriados.
  9228 | D:9      | Reached ***** piety under Hepliaklqana
  9507 | D:10     | Entered Level 10 of the Dungeon
  9776 | D:10     | Gained mutation: You regenerate health from kills. [demonic
                  | ancestry]
  9776 | D:10     | Reached XP level 11. HP: 61/72 MP: 13/13
  9777 | D:10     | Reached skill level 5 in Long Blades
 10036 | D:10     | Noticed a centaur warrior
 10040 | D:10     | Killed a centaur warrior
 11116 | D:11     | Reached skill level 8 in Armour
 11517 | D:11     | Noticed a skeletal warrior
 11517 | D:11     | Noticed a skeletal warrior
 11517 | D:11     | Noticed a skeletal warrior
 11523 | D:11     | Noticed a skeletal warrior
 11535 | D:11     | Killed from afar by a gargoyle

Illustrated notes

Levels and vault maps discovered:
D:1:      dpeg_arrival_concentric_ovals, layout_basic
D:2:      layout_rooms, ebering_ecumenical_altar_hall, serial_shops, shop,
          minivault_23
D:3:      layout_basic, kennysheep_generic_room_2
D:4:      layout_basic
D:5:      layout_loops_cross, mainiacjoe_overflow_alcove_4,
          nicolae_uskayaw_murder_on_the_dancefloor, uniq_sigmund, uniq_duvessa,
          uniq_eustachio, uniq_edmund
D:6:      layout_rooms, mainiacjoe_overflow_small_starburst,
          minmay_temple_entry_offerings
D:7:      layout_basic, uniq_crazy_yiuf_cottage
D:8:      layout_cave_pools, nicolae_overflow_crystal_walls,
          lemuel_doored_altar, zin_scriptorium, ebering_ghost_gozag
D:9:      minmay_weird_star, layout_basic, tso_oasis_becter,
          general_overflow_altar, gammafunk_temple_overflow_claw,
          dpeg_oklobed_lair
D:10:     layout_rooms, serial_co_window_serial, co_window_paths_a,
          co_window_paths_a, co_window_corner_a, co_window_paths_a,
          co_window_paths_a, co_window_paths_a, co_window_broadway_a,
          co_window_paths_c, co_window_corner_cb, co_window_broadway_a,
          co_window_unsneaky_path_d, co_window_of_opportunity_c,
          co_window_unsneaky_path_a, glass_columns_c, columned_hall_lemuel,
          dreamdust_gnoll_shepherd
D:11:     hangedman_screamer, layout_loops_corners, david_orc_3
Lair:1:   wad_woods_04, layout_gridlike, nicolae_lair_grazing_beasts
          [nicolae_sub_lair_graze_edge, nicolae_sub_lair_graze_edge,
          nicolae_sub_lair_graze_edge, nicolae_sub_lair_graze_edge], uniq_grum,
          uniq_amaemon, uniq_sonja

Skill      XL: |  1  2  3  4  5  6  7  8  9 10 11 |
---------------+----------------------------------+-----
Axes           | 3 4 |  4.5
Dodging        | 3 4 5 6 |  6.4
Armour         | 1 2 3 5 7 8 |  8.1
Stealth        | 1 2 3 |  3.2
Fighting       | 3 4 5 6 |  6.3
Short Blades   | 1 2 |  2.1
Spellcasting   | 1 |  1.4
Maces & Flails | 1 4 6 7 |  7.3
Poison Magic   | 1 |  1.6
Long Blades    | 4 6 |  6.3
Throwing       | |  1.9
Transmutations | |  0.9
Ice Magic      | |  0.3
Evocations     | |  0.6

Action                   |  1- 3 |  4- 6 |  7- 9 | 10-12 || total
-------------------------+-------+-------+-------+-------++-------
Melee: War axe           |    71 |       |       |       ||    71
       Dagger            |     6 |    75 |     4 |       ||    85
       Punch             |       |     2 |     5 |       ||     7
       Flail             |       |       |   171 |       ||   171
       Great sword       |       |       |     1 |   117 ||   118
       Tailslap          |       |       |       |    15 ||    15
 Cast: Sting             |     1 |     3 |     1 |       ||     5
Invok: Ancestor Life: Kn |       |     1 |       |       ||     1
       Ancestor Identity |       |     1 |       |       ||     1
Evoke: Wand              |       |       |     1 |     2 ||     3
  Use: Scroll            |     4 |     5 |     2 |     3 ||    14
       Potion            |     1 |     2 |     8 |     5 ||    16
 Stab: Sleeping          |     1 |       |       |       ||     1
Armor: Leather armour    |    11 |       |       |       ||    11
       Scale mail        |    12 |    25 |   187 |   119 ||   343
Dodge: Dodged            |    61 |    39 |   161 |   109 ||   370

Table legend: (Time is in decaauts)
 A = Elapsed time spent in this place.
 B = Non-inter-level travel time spent in this place.
 C = Inter-level travel time spent in this place.
 D = Time resting spent in this place.
 E = Time spent auto-exploring this place.
 F = Levels seen in this place.
 G = Mean time per level.
                   A        B        C        D        E       F      G
               +--------+--------+--------+--------+--------+-----+--------+
         Total |  11632 |  11630 |      2 |   3945 |   4724 |  12 |  969.3 |
       Dungeon |  11600 |  11598 |      2 |   3945 |   4717 |  11 | 1054.5 |
          Lair |     31 |     31 |      0 |      0 |      7 |   1 |   31.0 |
               +--------+--------+--------+--------+--------+-----+--------+

Top non-repeatable levels by time:
     D:5: 1848 daAuts
    D:10: 1598 daAuts
     D:8: 1264 daAuts
     D:2: 1209 daAuts
     D:1: 1195 daAuts
     D:3: 1186 daAuts
     D:9: 994 daAuts
     D:7: 894 daAuts
     D:6: 556 daAuts
    D:11: 461 daAuts
     D:4: 390 daAuts
  Lair:1: 31 daAuts
